 Dungeon Crawl Stone Soup version 0.29.0-4-gdea44cf6ec (webtiles) character file.

Game seed: 16649189034370182294

12 qw the Sneak (level 2, 0/19 HPs)
             Began as a Gargoyle Delver on Sept 10, 2022.
             Slain by Ijyb
             ... wielding a +0 club
              (4 damage)
             ... on level 4 of the Dungeon.
             The game lasted 00:00:20 (685 turns).

qw the Sneak (Gargoyle Delver)                       Turns: 685, Time: 00:00:20

Health: 0/19       AC:  6    Str: 15    XL:     2   Next: 33%
Magic:  2/2        EV: 11    Int: 10    God:
Gold:   0          SH:  0    Dex: 11    Spells: 1/1 levels left

rFire   . . .      SeeInvis .   a - +0 hand axe
rCold   . . .      Faith    .   (no shield)
rNeg    + . .      Spirit   .   b - +0 leather armour
rPois   inf        Reflect  .   (no helmet)
rElec   +          Harm     .   (no cloak)
rCorr   .          Rampage  .   i - +0 pair of gloves
Will    .....                   (no boots)
Stlth   +++.......              (no amulet)
HPRegen 0.06/turn               (no ring)
MPRegen 0.08/turn               (no ring)

@: no status effects
A: sickness immunity, AC +2, negative energy resistance 1, electricity
resistance, torment resistance 1, petrification resistance
a: no special abilities


You were on level 4 of the Dungeon.
You visited 1 branch of the dungeon, and saw 2 of its levels.


Innate Abilities, Weirdness & Mutations

You are immune to sickness and miasma.
Your stone body is resilient. (AC +2)
You are immune to poison.
You resist negative energy. (rN+)
You are resistant to electric shocks. (rElec)
You are resistant to unholy torment.
You are immune to petrification.


   Skills:
 - Level 3.2 Fighting
 + Level 2.6 Axes
 - Level 1.5 Dodging
 - Level 5.4 Stealth


You had one spell level left.
You didn't know any spells.
Your spell library was empty.

Inventory:

Hand Weapons
 a - a +0 hand axe (weapon)
 h - a +0 club
Armour
 b - a +0 leather armour (worn)
 d - a +0 ring mail
 i - a +0 pair of gloves (worn)
Wands
 g - a wand of digging (3)
Scrolls
 e - a scroll of identify {unknown}
 j - a scroll of teleportation {unknown}
Potions
 c - a potion of resistance {unknown}
 f - a potion of haste
 k - a potion of mutation {unknown}

Dungeon Overview and Level Annotations

Branches:
Dungeon (5/15)
 Temple: D:4-7

Altars:

Shops:
D:4 !

Annotations:
D:4 Ijyb


Message History

Ijyb is moderately wounded.
Ijyb zaps a wand.
You resist with significant effort.
You bump into the rock wall.
Ijyb completely misses you. Ijyb barely misses you.
Things that are here:
a +0 club; a kobold corpse You feel less confused.
Things that are here:
a +0 dagger; a kobold corpse You hit Ijyb.
Ijyb is moderately wounded.
Ijyb hits you but does no damage.
You hit Ijyb.
Ijyb is heavily wounded.
Ijyb screams, "I dance on your bones!" Ijyb closely misses you.
You barely miss Ijyb.
Ijyb is heavily wounded.
Ijyb zaps a wand.
You resist with significant effort.
Ijyb zaps a wand.
You resist with significant effort.
You hit Ijyb but do no damage.
Ijyb is heavily wounded.
Ijyb hits you but does no damage.
You hit Ijyb but do no damage.
Ijyb is heavily wounded.
Ijyb hits you but does no damage.
You hit Ijyb but do no damage.
Ijyb is heavily wounded.
Ijyb closely misses you.
You barely miss Ijyb.
Ijyb is heavily wounded.
Ijyb hits you but does no damage.
You miss Ijyb.
Ijyb is heavily wounded.
Ijyb hits you but does no damage.
You barely miss Ijyb.
Ijyb is heavily wounded.
Ijyb hits you with a +0 club.
You die...

#.#.#.#.# #.......#
#.#####.# #.....#.#
##....# #####.#.# ......
#.#####.#.#### #....
#.......#....# #...
######.g####.# #..
#.......@# #.# #.#+#
#.#####.#####.#####.#.###
..................[.
...#.#####.#####.#.###
###.#.# #.# #.#.### # #.#
#.# #.#.... ##.#.#####.#
#.##..# .......##.#
#.#.##... ##. #...##.#
#.#.##.##


You could see Ijyb.

Vanquished Creatures
  An orc (D:4)
  An endoplasm (D:4)
  3 goblins (D:4)
  A hobgoblin (D:4)
  A quokka (D:4)
  A ball python (D:4)
  2 kobolds (D:4)
10 creatures vanquished.

Vanquished Creatures (others)
  12 plants (D:4)
12 creatures vanquished.

Grand Total: 22 creatures vanquished

Notes
Turn   | Place    | Note
-------+----------+-------------------------------------------
     0 | D:5      | qw the Gargoyle Delver began the quest for the Orb.
     0 | D:5      | Reached XP level 1. HP: 14/14 MP: 1/1
     0 | D:5      | 0 ||| qw: Version: 0.1-a-116-g5d60599
     0 | D:5      | 0 ||| qw: Game counter: 9341
     0 | D:5      | 0 ||| qw: Always use a shield: true
     0 | D:5      | 0 ||| qw: God list: Okawaru
     0 | D:5      | 0 ||| qw: Allow faded altars: false
     0 | D:5      | 0 ||| qw: Do Orc after D:15 true
     0 | D:5      | 0 ||| qw: Do second Lair branch before Depths: true
     0 | D:5      | 0 ||| qw: Lair rune preference: random
     0 | D:5      | 0 ||| qw: Plans: Normal
     0 | D:5      | 0 ||| PLANNING D:1-11
    27 | D:5      | 27 ||| UPGRADING to +0 pair of gloves.
    32 | D:5      | 32 ||| DROPPING scroll of fog.
    33 | D:5      | 33 ||| DROPPING scroll of magic mapping.
    34 | D:5      | 34 ||| DROPPING scroll of fear.
    40 | D:4      | 40 ||| PLANNING OSSUARY
   346 | D:4      | Reached XP level 2. HP: 13/19 MP: 2/2
   454 | D:4      | Found Iniol's Distillery.
   458 | D:4      | 458 ||| SHOPLISTING potion of curing (30 gold, have 0).
   650 | D:4      | Noticed Ijyb
   671 | D:4      | HP: 3/19 [Ijyb/+0 club (4)]
   685 | D:4      | Slain by Ijyb

Levels and vault maps discovered:
D:4:      layout_basic, nicolae_elyvilon_temple_path, serial_shops, shop,
          nicolae_ossuary_entry_giza, minmay_hedge_maze, uniq_ijyb
D:5:      layout_loops_ring, mainiacjoe_overflow_brackets,
          mainiacjoe_overflow_surrounded_room, kiku_gazebo_pond_becter,
          minmay_temple_entry_purple_smoke, gammafunk_ghost_gnarly_gnolls,
          st_stairs_10

Skill      XL: |  1 |
---------------+----+-----
Axes           | 2 |  2.6
Fighting       | |  3.2
Dodging        | |  1.5
Stealth        | |  5.4

Action                   || total
-------------------------++-------
Melee: Hand axe          ||    54
       Punch             ||     1
 Stab: Sleeping          ||     2
Armor: Leather armour    ||    18
Dodge: Dodged            ||    23

Table legend:
 A = Non-vault XP
 B = Vault XP
 C = Vault XP percentage of total XP
 D = Non-vault monster count
 E = Vault monster count
 F = Vault count percentage of total count
                 A         B        C        D         E       F
            +---------+---------+-------+---------+---------+-------
      Total |      18 |       0 |   0.0 |      10 |       0 |   0.0
            +---------+---------+-------+---------+---------+-------
        D:4 |      18 |       0 |   0.0 |      10 |       0 |   0.0
            +---------+---------+-------+---------+---------+-------
